 Dungeon Crawl Stone Soup version 0.20.1-1-g8b1a95d (webtiles) character file.

371 Folque the Magician (level 6, 0/43 HPs)
             Began as an Octopode Wizard on Nov 6, 2017.
             Slain by a slave (3 damage)
             ... led by Pikel
             ... on level 4 of the Dungeon.
             The game lasted 00:17:58 (3710 turns).

Folque the Magician (Octopode Wizard)               Turns: 3710, Time: 00:17:59

Health: 0/43       AC:  1    Str:  6    XL:     6   Next: 71%
Magic:  1/12       EV: 13    Int: 22    God:
Gold:   196        SH:  0    Dex: 11    Spells: 5/13 levels left

rFire    . . .     SeeInvis .   E - +0 rapier
rCold    . . .     Gourm    .   (no shield)
rNeg     . . .     Faith    .   a - +0 hat
rPois    .         Spirit   .   (no amulet)
rElec    .         Reflect  .   (no ring)
rCorr    .         Harm     .   (no ring)
MR       .....                  (no ring)
Stlth    +++.......             (no ring)
Regen    0.2/turn               (no ring)
MPRegen  0.2/turn               (no ring)
                                (no ring)
                                (no ring)

@: very slightly contaminated
A: almost no armour, stealthy swim, amphibious, 8 rings, constrict 8, camouflage
1, gelatinous body 1
a: no special abilities


You were on level 4 of the Dungeon.
You were near starving.

You visited 1 branch of the dungeon, and saw 4 of its levels.

You collected 196 gold pieces.

Inventory:

Hand Weapons
 d - a +0 club
 n - a +1 whip
 s - a +0 dagger
 y - a +0 mace
 E - a +0 rapier (weapon)
Missiles
 B - 2 javelins (quivered)
Armour
 a - a +0 hat (worn)
 l - a +0 shield
Wands
 z - a wand of random effects (20/48)
Scrolls
 g - a scroll of remove curse {unknown}
 h - 2 scrolls of enchant weapon
 i - 5 scrolls of identify {unknown}
 m - a scroll of magic mapping
 o - a scroll of teleportation
 r - a scroll of amnesia {unknown}
 t - 2 scrolls of recharging {unknown}
 w - a scroll of blinking {unknown}
 x - a scroll of noise {unknown}
 C - a scroll of fog {unknown}
Potions
 e - a potion of brilliance {unknown}
 f - a potion of mutation {unknown}
 j - a potion of flight
 k - 3 potions of curing {unknown}
 p - a potion of heal wounds {unknown}
 v - 2 potions of haste {unknown}
 A - a potion of lignification {unknown}
Books
 b - a book of Minor Magic

   Spells                             Type                      Level
   a - Magic Dart                     Conjuration                  1
   b - Blink                          Translocation                2
   c - Call Imp                       Summoning                    2
   d - Slow                           Hexes                        2
   e - Conjure Flame                  Conjuration/Fire             3
   f - Mephitic Cloud                 Conjuration/Poison/Air       3
Comestibles
 c - 5 bread rations
 q - a royal jelly
 u - 3 meat rations


   Skills:
 - Level 4.1 Fighting
 - Level 2.0 Dodging
 - Level 2.6 Stealth
 + Level 4.4 Spellcasting
 + Level 2.0 Conjurations
 - Level 1.0 Summonings
 - Level 1.0 Translocations
 * Level 2.9 Poison Magic


You had 5 spell levels left.
You knew the following spells:

 Your Spells              Type           Power        Failure   Level  Hunger
a - Magic Dart            Conj           ##..         4%          1    None
b - Call Imp              Summ           #.......     11%         2    #......
c - Blink                 Tloc           N/A          11%         2    #......
d - Mephitic Cloud        Conj/Pois/Air  ##......     16%         3    ##.....


Dungeon Overview and Level Annotations

Branches:
Dungeon (4/15)
 Temple: D:4-7

Altars:

Annotations:
D:4 Pikel


Innate Abilities, Weirdness & Mutations

You cannot wear most types of armour.
You are very stealthy in the water. (Stealth+)
You are amphibious.
You can wear up to eight rings at the same time.
You can use your tentacles to constrict eight enemies at once.
Your skin changes colour to match your surroundings (Stealth+).
Your rubbery body absorbs attacks. (AC +1, EV +1)


Message History

You hit Pikel but do no damage. Your grab misses Pikel.
Pikel is severely wounded.
The slave barely misses you.
You barely miss Pikel. You grab Pikel.
Pikel is heavily wounded.
You constrict Pikel.
Pikel escapes!
The slave completely misses you.
You hit Pikel but do no damage. You grab Pikel.
Pikel is severely wounded.
You constrict Pikel, but do no damage.
Pikel struggles to escape constriction.
The slave hits you!
* * * LOW HITPOINT WARNING * * *
You completely miss Pikel. You squeeze Pikel.
Pikel is severely wounded.
You constrict Pikel.
Pikel seems less confused.
Pikel hits you with a whip of flaming.
* * * LOW HITPOINT WARNING * * *
Pikel burns you.
* * * LOW HITPOINT WARNING * * *
The slave hits you.
You die...

#......###.......#.......##.#
#...##...........#.......##.#
####..........##.#..(...K##.#
#....#........##.#.......##.#
..####.........#.#...5..p##.# .
#.##....................
#[......#.#.#[[.....##.#
####.##.K..>[..........#
#.##@#..............#
#.##p####............
#######.##.#######.######.#
.........#.................
.........#.#####.#.######.#
.........#.# ##.#.######.#
.........#.# #......(.....
#######.##.#####.#.######.#
###########.....>..............


You could see Pikel and a slave.

Vanquished Creatures
  Eustachio (D:4)
  2 slaves (D:4)
  A scorpion (D:4)
  An orc priest (D:4)
  2 orc wizards (D:4)
  An adder (D:2)
  A leopard gecko (D:3)
  3 orcs
  6 giant cockroaches
  6 goblins
  9 hobgoblins
  5 jackals
  5 kobolds
  3 quokkas
  3 ball pythons
  11 bats
  2 frilled lizards
  5 rats
67 creatures vanquished.

Vanquished Creatures (collateral kills)
  A slave (D:4)
  An orc wizard (D:4)
  2 adders (D:3)
  A worm (D:2)
  A dart slug (D:1)
  4 orcs (D:3)
  A goblin (D:1)
  2 hobgoblins
  4 jackals
17 creatures vanquished.

Vanquished Creatures (others)
  8 toadstools (D:4)
8 creatures vanquished.

Grand Total: 92 creatures vanquished

Notes
Turn   | Place    | Note
-------+----------+-------------------------------------------
     0 | D:1      | Folque the Octopode Wizard began the quest for the Orb.
     0 | D:1      | Reached XP level 1. HP: 11/11 MP: 4/4
   114 | D:1      | Reached skill level 1 in Fighting
   151 | D:1      | Reached XP level 2. HP: 9/18 MP: 6/6
   342 | D:1      | Learned a level 2 spell: Call Imp
   345 | D:1      | Learned a level 2 spell: Blink
   706 | D:2      | Reached XP level 3. HP: 18/24 MP: 7/7
   715 | D:2      | Learned a level 3 spell: Mephitic Cloud
  1503 | D:3      | Reached XP level 4. HP: 22/30 MP: 3/9
  1793 | D:3      | Reached skill level 1 in Poison Magic
  2354 | D:4      | Noticed a slave
  2437 | D:4      | Killed a slave
  2716 | D:4      | Reached XP level 5. HP: 36/36 MP: 1/10
  3118 | D:4      | Noticed Pikel
  3118 | D:4      | Noticed a slave
  3119 | D:4      | Noticed a slave
  3147 | D:4      | Killed a slave
  3155 | D:4      | Reached XP level 6. HP: 21/43 MP: 10/12
  3322 | D:4      | Noticed a slave
  3352 | D:4      | Killed a slave
  3545 | D:4      | Noticed Eustachio
  3585 | D:4      | Killed Eustachio
  3710 | D:4      | Slain by a slave

Skill      XL: |  1  2  3  4  5  6 |
---------------+-------------------+-----
Fighting       | 1 2 3 4 |  4.1
Poison Magic   | 1 2 |  2.9
Spellcasting   | 4 |  4.4
Conjurations   | 2 |  2.0
Dodging        | |  2.0
Stealth        | |  2.6
Summonings     | |  1.0
Translocations | |  1.0

Action                   |  1- 3 |  4- 6 || total
-------------------------+-------+-------++-------
Melee: Club              |    11 |       ||    11
       Constrict         |    20 |    31 ||    51
       Tentacles         |     6 |    16 ||    22
       Unarmed           |     2 |       ||     2
       Whip              |    13 |       ||    13
       Dagger            |    48 |       ||    48
       Mace              |       |   102 ||   102
       Rapier            |       |    15 ||    15
Throw: Javelin           |       |     1 ||     1
       Throwing net      |       |     1 ||     1
 Cast: Magic Dart        |    12 |     2 ||    14
       Call Imp          |    13 |    16 ||    29
       Mephitic Cloud    |       |    13 ||    13
       Blink             |       |     1 ||     1
Evoke: Wand              |       |     1 ||     1
  Use: Scroll            |     2 |     1 ||     3
       Potion            |       |     1 ||     1
 Stab: Sleeping          |    10 |     7 ||    17
       Distracted        |     1 |       ||     1
       Confused          |       |     5 ||     5
  Eat: Chunk             |     2 |     7 ||     9
Armor: Skin              |     1 |    18 ||    19
Dodge: Dodged            |    42 |   108 ||   150
